 Dungeon Crawl Stone Soup version 0.32-a0-43-g058985b245 (webtiles) character file.

Game seed: 857828015291131316

149 cforsyth the Trooper (level 5, 0/41 HPs)
             Began as a Djinni Warper on Feb 5, 2024.
             Slain by a sleepcap (2 damage)
             ... on level 3 of the Dungeon.
             The game lasted 00:02:15 (1905 turns).

cforsyth the Trooper (Djinni Warper)                Turns: 1905, Time: 00:02:16

Health: 0/41       AC:  3    Str: 10    XL:     5   Next: 56%
Gold:   125        EV: 11    Int: 16    God:
                   SH:  0    Dex: 13

rFire   + + .        a - +0 falchion
rCold   x . .        (no shield)
rNeg    . . .        b - +0 leather armour
rPois   ∞            (no helmet)
rElec   .            (no cloak)
rCorr   .            (no gloves)
SInv    .            (boots unavailable)
Will    .....        (no amulet)
Stlth   +            (no ring)
HPRegen 0.26/turn    (no ring)
MPRegen 0.00/turn

%: infuse magic (-1 HP)
@: flying, very slightly contaminated
A: sickness immunity, fire resistance 2, cold vulnerability 1, float, innate
caster, HP casting, extra vitality 1
a: no special abilities


You were on level 3 of the Dungeon.
You visited 1 branch of the dungeon, and saw 3 of its levels.

You collected 125 gold pieces.

Inventory:

Hand Weapons
 a - a +0 falchion (weapon)
 i - a +1 dagger of venom
Missiles
 d - 6 darts of dispersal
 e - 12 poisoned darts
 s - 5 datura-tipped darts
Armour
 b - a +0 leather armour (worn)
Wands
 m - a wand of flame (22)
Scrolls
 c - a scroll of blinking
 f - a scroll of noise {unknown}
 g - 3 scrolls of identify {unknown}
 h - 4 scrolls of enchant weapon {unknown}
 k - 3 scrolls of amnesia {unknown}
 l - a scroll of immolation {unknown}
 r - a scroll of teleportation {unknown}
Potions
 j - a potion of lignification {unknown}
 n - 3 potions of heal wounds {unknown}
 o - 2 potions of curing {unknown}
 p - 2 potions of enlightenment {unknown}
 q - a potion of mutation {unknown}


   Skills:
 + Level 4.0 Fighting
 - Level 1.7 Long Blades
 - Level 0.7 Throwing
 - Level 1.0 Armour
 - Level 2.1 Dodging
 + Level 4.0 Spellcasting
 + Level 4.0 Conjurations
 + Level 4.0 Hexes
 + Level 4.0 Summonings
 + Level 4.0 Necromancy
 + Level 4.0 Translocations
 + Level 4.0 Fire Magic
 + Level 4.0 Ice Magic
 + Level 4.0 Air Magic
 + Level 4.0 Earth Magic
 + Level 4.0 Alchemy


You knew the following spells:

 Your Spells              Type           Power      Damage    Failure   Level
a - Blink                 Tloc           32%        N/A       7%          2
b - Lesser Beckoning      Tloc           32%        N/A       7%          2
c - Teleport Other        Tloc           16%        N/A       13%         3
d - Manifold Assault      Tloc           16%        N/A       41%         4
e - Vhi's Electric Charg  Tloc/Air       32%        N/A       41%         4
f - Sandblast             Erth           32%        2d9       4%          1
g - Jinxbite              Hex            32%        N/A       7%          2
Your spell library was empty.

Dungeon Overview and Level Annotations

Branches:
Dungeon (3/15)

Altars:
Cheibriados


Innate Abilities, Weirdness & Mutations

You are immune to sickness and miasma.
You are immune to poison.
Your flesh is very heat resistant. (rF++)
You are vulnerable to cold. (rC-)
You float through the air rather than walking.
You learn spells naturally, not from books.
Your magical power is your life essence.
You have superior vitality. (+4 MHP)


Message History

The blast of sand hits the sleepcap.
The sleepcap is severely damaged.
The sleepcap completely misses you.
The blast of sand hits the sleepcap but does no damage.
The sleepcap is severely damaged.
The sleepcap releases spores at you. The sleepcap misses you.
You are too injured to fight recklessly!
You are too injured to fight recklessly!
You are too injured to fight recklessly!
You are too injured to fight recklessly!
Casting: Sandblast (safe; 4% risk of failure)
Confirm with . or Enter, or press ? or * to list all spells.
Aiming: Sandblast (safe; 4% risk of failure)
Press: ? - help, Shift-Dir - straight line, f/p - sleepcap
Aim: a sleepcap (severely damaged, 100% to hit)
The blast of sand hits the sleepcap!
The sleepcap is almost destroyed.
The sleepcap releases spores at you.
Casting: Sandblast (safe; 4% risk of failure)
Confirm with . or Enter, or press ? or * to list all spells.
Aiming: Sandblast (safe; 4% risk of failure)
Press: ? - help, Shift-Dir - straight line, f/p - sleepcap
Aim: a sleepcap (almost destroyed, 100% to hit)
The blast of sand hits the sleepcap but does no damage.
The sleepcap is almost destroyed.
* * * LOW HITPOINT WARNING * * *
The sleepcap releases spores at you!
* * * LOW HITPOINT WARNING * * *
The sleepcap releases spores at you.
* * * LOW HITPOINT WARNING * * *
Casting: Sandblast (safe; 4% risk of failure)
Confirm with . or Enter, or press ? or * to list all spells.
Aiming: Sandblast (safe; 4% risk of failure)
Press: ? - help, Shift-Dir - straight line, f/p - sleepcap
Aim: a sleepcap (almost destroyed, 100% to hit)
The blast of sand hits the sleepcap but does no damage.
The sleepcap is almost destroyed.
* * * LOW HITPOINT WARNING * * *
The sleepcap releases spores at you.
You die...

#.....##.# #
#.....##.#######
#.....##........
#.....##..##>##. #
########........#..##.
#.#.......#######.#.###.
....#####.# #####.#.###.
.......##.###...#.......
...#.f@#.#......##.####
#..............##.#
###...###......##.#
##### #.#.......####
#<####.#...... #
#.#.####† ..#......
####.##... #.##.#.


You could see a sleepcap.

Vanquished Creatures
  A bombardier beetle (D:3)
  An orc wizard (D:3)
  4 gnolls
  An adder (D:2)
  2 orcs (D:3)
  3 ball pythons
  6 endoplasms
  2 giant cockroaches
  6 goblins
  2 hobgoblins
  4 kobolds
  3 quokkas
  4 bats
  3 frilled lizards
  5 rats
47 creatures vanquished.

Notes
Turn   | Place    | Note
-------+----------+-------------------------------------------
     0 | D:1      | cforsyth the Djinni Warper began the quest for the Orb.
     0 | D:1      | cforsyth set off with the following spells memorised:
                  | Blink, Lesser Beckoning, Teleport Other, Manifold Assault,
                  | Vhi's Electric Charge.
     0 | D:1      | Reached XP level 1. HP: 18/18 MP: 0/0
   193 | D:1      | Reached XP level 2. HP: 23/23 MP: 0/0
   522 | D:1      | Reached XP level 3. HP: 29/29 MP: 0/0
   522 | D:1      | Learned a level 1 spell: Sandblast
  1014 | D:2      | Reached XP level 4. HP: 19/35 MP: 0/0
  1359 | D:3      | Reached XP level 5. HP: 31/41 MP: 0/0
  1359 | D:3      | Learned a level 2 spell: Jinxbite
  1580 | D:3      | Found a snail-covered altar of Cheibriados.
  1905 | D:3      | Slain by a sleepcap

Illustrated notes

Levels and vault maps discovered:
D:1:      minmay_arrival_four_circles, layout_rooms
D:2:      layout_basic
D:3:      layout_loops_cross, cheibriados_altar_1,
          hellmonk_ecumenical_altar_leap_of_faith, minmay_misc_feat_cross,
          minmay_surrounded

Skill      XL: |  1  2  3  4  5 |
---------------+----------------+-----
Spellcasting   | 3 4 |  4.0
Conjurations   | 3 4 |  4.0
Hexes          | 3 4 |  4.0
Summonings     | 3 4 |  4.0
Necromancy     | 3 4 |  4.0
Translocations | 3 4 |  4.0
Fire Magic     | 3 4 |  4.0
Ice Magic      | 3 4 |  4.0
Air Magic      | 3 4 |  4.0
Earth Magic    | 3 4 |  4.0
Alchemy        | 3 4 |  4.0
Fighting       | 3 4 |  4.0
Long Blades    | |  1.7
Throwing       | |  0.7
Armour         | |  1.0
Dodging        | |  2.1

Action                     |  1- 3 |  4- 6 || total
---------------------------+-------+-------++-------
  Melee: Falchion          |    34 |       ||    34
         Dagger            |    21 |       ||    21
  Throw: Dart              |     1 |       ||     1
   Cast: Sandblast         |    24 |    54 ||    78
 Armour: Leather armour    |    33 |    30 ||    63
  Dodge: Dodged            |    38 |    29 ||    67

Table legend: (Time is in decaauts)
 A = Elapsed time spent in this place.
 B = Non-inter-level travel time spent in this place.
 C = Inter-level travel time spent in this place.
 D = Time resting spent in this place.
 E = Time spent auto-exploring this place.
 F = Levels seen in this place.
 G = Mean time per level.
                   A        B        C        D        E       F      G
               +--------+--------+--------+--------+--------+-----+--------+
         Total |   1952 |   1901 |     51 |    311 |   1250 |   3 |  650.7 |
       Dungeon |   1952 |   1901 |     51 |    311 |   1250 |   3 |  650.7 |
               +--------+--------+--------+--------+--------+-----+--------+

Top non-repeatable levels by time:
     D:2: 762 daAuts
     D:3: 598 daAuts
     D:1: 590 daAuts
